 Dungeon Crawl Stone Soup version 0.30-a0-1124-g6e8f0f562f (webtiles) character file.

Game seed: 1368013690426881351

3787 bande the Cleaver (level 10, -3/61 HPs)
             Began as a Gargoyle Fighter on Apr 24, 2023.
             Slain by an orc warrior
             ... wielding a +0 battleaxe
              (21 damage)
             ... in a bailey.
             The game lasted 00:11:51 (5720 turns).

bande the Cleaver (Gargoyle Fighter)                Turns: 5720, Time: 00:11:51

Health: -3/61      AC: 25    Str: 20    XL:     10   Next: 16%
Magic:  10/10      EV:  3    Int:  9    God:
Gold:   303        SH: 19    Dex: 19    Spells: 9/9 levels left

rFire   . . .        a - +1 war axe
rCold   . . .        f - +3 tower shield
rNeg    + . .        l - +0 plate armour
rPois   ∞            (no helmet)
rElec   +            (no cloak)
rCorr   .            x - +0 pair of gloves
SInv    .            (no boots)
Will    .....        (no amulet) Stlth
                     g - +4 ring of protection
HPRegen 0.30/turn    j - +6 ring of dexterity
MPRegen 0.12/turn

%: no passive effects
@: mighty
A: sickness immunity, AC +7, negative energy resistance 1, electricity
resistance, torment resistance 1, petrification resistance
a: no special abilities


You were in a bailey.
You visited 1 branch of the dungeon, and saw 7 of its levels.
You also visited: Sewer and Bailey.

You collected 303 gold pieces.

Inventory:

Hand Weapons
 a - a +1 war axe (weapon)
 s - a +0 war axe
 v - a +0 flail of protection
Armour
 f - a +3 tower shield (worn)
 l - a +0 plate armour (worn)
 x - a +0 pair of gloves (worn)
Jewellery
 g - a +4 ring of protection (left hand)
 j - a +6 ring of dexterity (right hand)
Wands
 c - a wand of flame (44)
 q - a wand of digging (1)
 t - a wand of polymorph (8)
 w - a wand of mindburst (12)
Scrolls
 b - 3 scrolls of identify
 i - 2 scrolls of fear
 k - 2 scrolls of teleportation
 p - 2 scrolls of blinking
Potions
 d - a potion of might
 e - 4 potions of curing
 h - a potion of magic
 m - 2 potions of haste
 n - 2 potions of flight
 o - 2 potions of degeneration {unknown}
 r - a potion of mutation {unknown}
 u - 2 potions of cancellation {unknown}
 z - a potion of attraction {unknown}


   Skills:
 + Level 6.4 Fighting
 + Level 8.4 Axes
 + Level 6.2 Armour
 - Level 0.1 Dodging
 - Level 0.6 Stealth
 + Level 7.9 Shields
 * Level 5.0 Evocations


You had 9 spell levels left.
You didn't know any spells.
Your spell library contained the following spells:

 Spells                   Type           Power      Damage    Failure   Level
 Slow                     Hex            0%         N/A       100%        1
 Ensorcelled Hibernation  Hex/Ice        0%         N/A       100%        2
 Poisonous Vapours        Pois/Air       0%         N/A       100%        2
 Confusing Touch          Hex            0%         N/A       100%        3
 Mephitic Cloud           Conj/Pois/Air  0%         N/A       100%        3
 Spider Form              Tmut/Pois      0%         N/A       100%        3
 Vampiric Draining        Necr           0%         2d6       100%        3
 Anguish                  Hex/Necr       0%         N/A       100%        4
 Alistair's Intoxication  Tmut/Pois      0%         N/A       100%        5
 Borgnjor's Vile Clutch   Necr/Erth      0%         N/A       100%        5
 Freezing Cloud           Conj/Ice/Air   0%         6-21      100%        5
 Eringya's Noxious Bog    Tmut/Pois      0%         N/A       100%        6


Dungeon Overview and Level Annotations

Branches:
Dungeon (8/15)              Sewer (visited)          Bailey (1/1)
 Temple: D:4-7         Lair: D:8-11

Altars:
Vehumet


Innate Abilities, Weirdness & Mutations

You are immune to sickness and miasma.
Your stone body is resilient. (AC +7)
You are immune to poison.
You resist negative energy. (rN+)
You are resistant to electric shocks. (rElec)
You are resistant to unholy torment.
You are immune to petrification.


Message History

The orc knight is lightly wounded.
You hit the orc warrior. You block the orc knight's attack.
The orc warrior hits you with a +0 war axe.
The orc warrior hits you but does no damage.
The orc knight hits you with a +0 war axe!
You closely miss the orc knight.
The orc knight is lightly wounded.
You completely miss the orc warrior.
The orc knight hits you with a +0 war axe!
You block the orc warrior's attack.
An orc warrior comes into view. It is wielding a +0 war axe.
Unknown command.
You feel very mighty all of a sudden. You block the orc knight's attack.
The orc warrior hits you but does no damage.
The orc warrior drinks a potion.
The orc warrior suddenly seems more resistant.
You closely miss the orc knight.
The orc knight is lightly wounded.
You barely miss the orc warrior.
The orc knight roars a battlecry!
The orc warriors go into a battle-frenzy!
You block the orc warrior's attack.
An orc warrior comes into view. It is wielding a +0 war axe.
An orc comes into view. It is wielding a +0 war axe.
The orc warrior shouts!
The orc shouts!
You barely miss the orc knight.
The orc knight is lightly wounded.
You closely miss the orc warrior.
You hear a shout!
You block the orc knight's attack. You block the orc warrior's attack.
A hobgoblin comes into view. It is wielding a +0 hand axe.
The orc warrior hits you with a +0 war axe!
* * * LOW HITPOINT WARNING * * *
The orc knight hits you but does no damage.
You hear a shout!
You feel better. You block the orc knight's attack.
You block the orc warrior's attack.
The orc warrior hits you with a +0 battleaxe!!
You die...

### ### ###.### ###.###
###.....### ###.....##
##.........###.........
#...........#..........
#...........')..)).....
#....o⌠)....#.....⌠....
#....o@.....#..........
#....o......#........))
##.........###.......).
#o#.....### ###.....#)
.o.###.### ###.###)
.o.. ### ###.). . #....
#.... #....


You could see an orc knight (strong), 4 orc warriors and an orc.

Vanquished Creatures
  An orc knight (Bailey)
  Maggie (D:8)
  Psyche (D:8)
  Grinder (D:5)
  Sigmund (D:2)
  Eustachio (D:4)
  A wyvern (D:8)
  A steam dragon (D:8)
  A water moccasin (D:8)
  Edmund (D:5)
  A black bear (D:8)
  4 orc warriors
  3 ice beasts (D:5)
  A kobold brigand (D:8)
  A bullfrog (D:8)
  2 scorpions
  5 wights (D:8)
  An orc priest (D:3)
  2 jellies
  8 orc wizards
  A hell rat (Sewer)
  7 gnolls
  5 adders
  A river rat (Sewer)
  An ufetubus (D:4)
  3 worms
  3 dart slugs
  25 orcs
  7 ball pythons
  3 endoplasms
  11 giant cockroaches
  18 goblins
  10 hobgoblins
  7 kobolds
  7 quokkas
  5 bats
  3 frilled lizards
  12 rats
  A spectral kobold (D:3)
168 creatures vanquished.

Vanquished Creatures (others)
  A goblin (D:1)
1 creature vanquished.

Grand Total: 169 creatures vanquished

Notes
Turn   | Place    | Note
-------+----------+-------------------------------------------
     0 | D:1      | bande the Gargoyle Fighter began the quest for the Orb.
     0 | D:1      | Reached XP level 1. HP: 14/14 MP: 1/1
   191 | D:1      | Reached XP level 2. HP: 18/19 MP: 2/2
   207 | D:1      | Reached skill level 2 in Axes
   276 | D:1      | Reached XP level 3. HP: 16/23 MP: 3/3
  1160 | D:2      | Noticed Sigmund
  1174 | D:2      | Killed Sigmund
  1175 | D:2      | Reached skill level 3 in Axes
  1175 | D:2      | Reached XP level 4. HP: 23/29 MP: 4/4
  1175 | D:2      | Reached XP level 5. HP: 26/33 MP: 5/5
  1506 | D:3      | Reached XP level 6. HP: 38/38 MP: 6/6
  1509 | D:3      | Reached skill level 4 in Axes
  1512 | D:3      | Found a radiant altar of Vehumet.
  1526 | D:3      | Found a glowing drain.
  1588 | Sewer    | Entered a sewer
  2154 | D:3      | Found a faded altar of an unknown god.
  2348 | D:4      | Reached XP level 7. HP: 43/44 MP: 7/7
  2425 | D:4      | Noticed Eustachio
  2448 | D:4      | Killed Eustachio
  2449 | D:4      | Reached skill level 5 in Axes
  2449 | D:4      | Reached skill level 1 in Evocations
  3153 | D:5      | Entered Level 5 of the Dungeon
  3342 | D:5      | Noticed Edmund
  3359 | D:5      | Killed Edmund
  3360 | D:5      | Reached skill level 5 in Shields
  3360 | D:5      | Reached XP level 8. HP: 37/48 MP: 8/8
  3364 | D:5      | Reached skill level 5 in Fighting
  3502 | D:5      | Noticed Grinder
  3511 | D:5      | Killed Grinder
  3512 | D:5      | Reached skill level 6 in Axes
  3512 | D:5      | Reached skill level 5 in Armour
  3577 | D:5      | You fall into a shaft and drop 3 floors!
  3630 | D:8      | Noticed a wyvern
  3639 | D:8      | Killed a wyvern
  3995 | D:8      | Noticed Maggie
  4022 | D:8      | Reached XP level 9. HP: 43/54 MP: 9/9
  4029 | D:8      | Reached skill level 7 in Axes
  4050 | D:8      | Killed Maggie
  4783 | D:8      | Noticed Psyche
  4795 | D:8      | Killed Psyche
  5113 | D:7      | Found a flagged portal.
  5179 | Bailey   | Entered a bailey
  5200 | Bailey   | Noticed an orc knight
  5224 | Bailey   | Killed an orc knight
  5225 | Bailey   | Reached skill level 8 in Axes
  5225 | Bailey   | Reached XP level 10. HP: 10/61 MP: 10/10
  5669 | Bailey   | Reached skill level 5 in Evocations
  5709 | Bailey   | Noticed an orc knight
  5720 | Bailey   | Slain by an orc warrior

Illustrated notes

Levels and vault maps discovered:
D:1:      zaba_arrival_water, layout_loops_ring, minmay_misc_feat_doors,
          minmay_tiny_reverse_x
D:2:      layout_loops_cross, uniq_sigmund
D:3:      layout_basic, overflow_temple_1_default, gup_sewer_entry_glass,
          dreamdust_ecumenical_altar_drowned_temple
D:4:      layout_basic, uniq_eustachio
D:5:      layout_gridville, uniq_grinder, uniq_edmund
D:7:      layout_rooms, pdpol_wu_jian_five_deadly_venoms, tgw_kikubaaqudgha,
          lightli_bailey_entry_fortress
D:8:      layout_loops_ring, serial_park_tiny_2, st_stairs_4, uniq_maggie,
          uniq_psyche
Bailey:   bailey_axe_minmay_hex_keep, bailey

Skill      XL: |  1  2  3  4  5  6  7  8  9 10 |
---------------+-------------------------------+-----
Axes           | 2 3 4 5 6 8 |  8.4
Fighting       | 4 5 6 |  6.4
Armour         | 4 5 6 |  6.2
Shields        | 4 5 6 7 |  7.9
Evocations     | 2 3 4 5 |  5.0
Dodging        | |  0.1
Stealth        | |  0.6

Action                     |  1- 3 |  4- 6 |  7- 9 | 10-12 || total
---------------------------+-------+-------+-------+-------++-------
  Melee: War axe           |   122 |   139 |   324 |    50 ||   635
    Use: Potion            |     1 |     2 |     5 |     2 ||    10
         Scroll            |       |    11 |     3 |       ||    14
 Armour: Scale mail        |    85 |    68 |   111 |       ||   264
         Plate armour      |       |       |    75 |    22 ||    97
  Dodge: Dodged            |    53 |    26 |    43 |     3 ||   125
  Block: Buckler           |    20 |     2 |       |       ||    22
         Tower shield      |       |   124 |   343 |    53 ||   520

Table legend: (Time is in decaauts)
 A = Elapsed time spent in this place.
 B = Non-inter-level travel time spent in this place.
 C = Inter-level travel time spent in this place.
 D = Time resting spent in this place.
 E = Time spent auto-exploring this place.
 F = Levels seen in this place.
 G = Mean time per level.
                   A        B        C        D        E       F      G
               +--------+--------+--------+--------+--------+-----+--------+
         Total |   6052 |   5953 |     99 |   1269 |   2956 |   9 |  672.4 |
       Dungeon |   5378 |   5279 |     99 |    933 |   2898 |   7 |  768.3 |
         Sewer |    108 |    108 |      0 |      0 |     36 |   1 |  108.0 |
        Bailey |    565 |    565 |      0 |    336 |     21 |   1 |  565.0 |
               +--------+--------+--------+--------+--------+-----+--------+

Top non-repeatable levels by time:
     D:8: 1449 daAuts
     D:4: 907 daAuts
     D:1: 867 daAuts
     D:3: 847 daAuts
     D:2: 606 daAuts
  Bailey: 565 daAuts
     D:5: 460 daAuts
     D:7: 238 daAuts
   Sewer: 108 daAuts
